Map: Data-C

Players

Silky

  • Race: Zerg Zerg
  • Spawn Location: 9:00

Gerald - Winner!

  • Race: Protoss Protoss
  • Spawn Location: 3:00

Event: DreamHack SC2 Masters 2022 Atlanta (Offline)

VOD

Have the link to the VOD?

Description

Time

  • Played on: Nov. 18, 2022, 1:23 p.m.
  • Length: 25:54

All games in this series

Show
View Real Time Build Order
Export as new Build Order

Silky Zerg 

Build Orders: Hatch First, Lurkers 

Get SALT Encoding   

  12  0:00  Drone  
  13  0:12  Overlord  
  13  0:17  Drone  
  14  0:30  Drone  
  14  0:31  Drone  
  16  0:48  Hatchery  
  15  0:52  Drone  
  15  0:55  Drone  
  17  0:59  Drone  
  18  1:10  Extractor  
  17  1:15  Spawning Pool  
  17  1:17  Drone  
  17  1:21  Drone  
  18  1:27  Drone  
  19  1:38  Drone  
  20  1:48  Overlord  
  20  2:03  Queen x2  
  20  2:04  Zergling x4  
  26  2:11  Drone x2  
  26  2:14  Metabolic Boost  
  28  2:22  Drone x2  
  30  2:33  Drone x2  
  32  2:44  Hatchery  
  32  2:45  Overlord  
  32  2:51  Queen  
  31  2:55  Zergling x2  
  34  3:00  Zergling x4  
  34  3:04  Queen  
  37  3:09  Zergling x2  
  37  3:11  Overlord  
  37  3:14  Drone  
  37  3:15  Drone  
  37  3:19  Drone  
  40  3:24  Drone x2  
  42  3:27  Drone  
  42  3:30  Drone  
  42  3:33  Queen  
  46  3:37  Drone  
  46  3:38  Spore Crawler  
  46  3:45  Drone x3  
  49  3:55  Drone x3  
  51  3:59  Drone  
  51  4:00  Drone  
  51  4:01  Drone  
  54  4:08  Drone  
  51  4:12  Drone  
  51  4:13  Spore Crawler, Drone  
  51  4:14  Queen  
  51  4:16  Queen  
  56  4:19  Drone, Evolution Chamber  
  56  4:24  Overlord  
  56  4:27  Drone  
  56  4:30  Spore Crawler, Drone  
  57  4:36  Zergling x2  
  58  4:40  Evolution Chamber  
  58  4:41  Overlord  
  58  4:42  Zergling x2  
  58  4:44  Zergling x4  
  58  4:45  Zergling x2  
  61  4:47  Drone x3, Zerg Melee Weapons Level 1  
  61  4:48  Drone  
  61  4:49  Drone  
  65  4:54  Drone  
  65  4:55  Drone  
  66  5:02  Overlord  
  66  5:08  Hatchery, Extractor  
  66  5:11  Overlord  
  64  5:15  Drone x2, Overlord  
  64  5:16  Overlord  
  64  5:20  Drone x3  
  69  5:22  Drone x2  
  69  5:23  Drone  
  72  5:28  Overlord  
  72  5:29  Overlord  
  72  5:30  Drone  
  72  5:32  Drone  
  74  5:36  Drone x4  
  74  5:41  Zerg Ground Armor Level 1  
  79  5:42  Drone  
  79  5:45  Drone  
  79  5:46  Extractor x2  
  79  5:49  Drone x3  
  81  5:50  Drone  
  81  5:54  Drone, Roach Warren  
  81  5:56  Drone x2  
  83  6:00  Lair  
  83  6:04  Zergling x2  
  83  6:05  Zergling x8  
  83  6:08  Overlord  
  83  6:10  Overlord  
  88  6:15  Zergling x6  
  91  6:19  Overlord  
  91  6:22  Zergling x12  
  96  6:30  Zergling x2, Drone x3  
  96  6:31  Zergling x4  
  102  6:34  Drone  
  102  6:37  Spore Crawler, Drone  
  102  6:39  Baneling Nest  
  102  6:41  Drone x2  
  102  6:46  Drone x4  
  108  6:51  Zergling x4  
  108  6:52  Zergling x4  
  112  6:55  Drone x2  
  112  6:56  Drone  
  112  6:59  Glial Reconstitution  
  112  7:00  Zerg Melee Weapons Level 2  
  115  7:03  Roach x2  
  115  7:04  Roach  
  115  7:05  Roach  
  115  7:06  Roach  
  115  7:08  Hatchery  
  124  7:09  Roach  
  124  7:10  Roach  
  124  7:15  Roach x4  
  135  7:16  Overlord  
  135  7:27  Drone  
  135  7:28  Centrifugal Hooks  
  135  7:35  Overlord x2  
  135  7:36  Overseer  
  135  7:38  Zerg Ground Armor Level 2  
  135  7:40  Drone x2  
  135  7:41  Drone, Hatchery, Extractor  
  135  7:42  Drone x2, Extractor  
  135  7:43  Drone x2  
  139  7:44  Zergling x4  
  139  7:45  Zergling x4  
  140  7:51  Zergling x2  
  140  7:52  Zergling x6  
  140  7:53  Zergling x2  
  140  7:57  Zergling x16  
  152  7:59  Ravager  
  152  8:06  Overlord  
  152  8:07  Zergling x2  
  152  8:08  Zergling x8  
  152  8:11  Drone  
  156  8:16  Infestation Pit  
  156  8:17  Roach x2  
  156  8:18  Overlord  
  156  8:19  Overseer  
  159  8:25  Overseer  
  159  8:28  Overlord x2  
  159  8:31  Hydralisk Den  
  158  8:36  Roach x4  
  158  8:37  Roach x4  
  158  8:39  Overlord  
  164  8:49  Zergling x2  
  164  8:50  Zergling x18  
  164  8:53  Roach x4  
  164  8:55  Hive  
  176  9:00  Drone x2  
  178  9:02  Lurker Den  
  178  9:05  Drone x2  
  178  9:07  Drone x4  
  178  9:08  Spine Crawler x2  
  181  9:11  Spore Crawler, Spine Crawler  
  181  9:14  Zergling x2  
  181  9:15  Zergling x10  
  179  9:22  Zergling x2, Roach x4  
  179  9:23  Zergling x4  
  190  9:26  Baneling x5  
  190  9:29  Zergling x12  
  183  9:40  Zergling x18  
  183  9:43  Hydralisk  
  188  9:45  Overlord  
  188  9:51  Overlord  
  188  9:52  Overlord  
  188  9:57  Hydralisk  
  188  9:59  Overlord  
  190  10:06  Hydralisk x4  
  198  10:09  Seismic Spines, Hatchery  
  198  10:10  Zerg Missile Weapons Level 1, Zerg Melee Weapons Level 3  
  190  10:17  Lurker  
  190  10:19  Hydralisk  
  190  10:20  Drone x4  
  193  10:23  Extractor  
  193  10:24  Lurker  
  187  10:31  Zergling x2  
  187  10:32  Zergling x36  
  192  10:40  Lurker x4  
  195  10:46  Zergling x18  
  192  10:55  Zergling x2  
  188  10:57  Zergling x24  
  188  11:01  Baneling x10  
  191  11:06  Adaptive Talons  
  191  11:09  Zergling x26  
  186  11:16  Zergling x10  
  177  11:22  Zergling x12  
  178  11:27  Hydralisk  
  178  11:28  Hydralisk x7  
  178  11:29  Adrenal Glands  
  178  11:32  Drone  
  195  11:36  Zergling x10  
  195  11:39  Baneling  
  199  11:40  Baneling x7  
  199  11:42  Zergling x2  
  197  11:49  Overseer  
  197  11:50  Overseer x2  
  195  11:56  Hydralisk x2  
  198  12:05  Baneling x8  
  198  12:07  Lurker x2  
  197  12:12  Extractor  
  197  12:15  Zergling x8  
  196  12:25  Pneumatized Carapace  
  187  12:42  Spire  
  187  12:44  Muscular Augments  
  159  12:52  Zerg Missile Weapons Level 2  
  159  12:53  Zerg Ground Armor Level 3  
  159  12:54  Zergling x2  
  159  12:55  Zergling x50  
  159  12:57  Extractor  
  182  12:58  Extractor  
  180  13:06  Hydralisk x2  
  180  13:07  Spore Crawler x2, Hydralisk x4  
  180  13:08  Spore Crawler x2  
  188  13:16  Overlord  
  188  13:17  Overseer x2  
  188  13:18  Overseer  
  188  13:27  Lurker x3  
  188  13:28  Drone x5  
  188  13:31  Spore Crawler  
  188  13:32  Spore Crawler  
  188  13:33  Spore Crawler  
  193  13:34  Spore Crawler  
  193  13:38  Drone x2  
  193  13:39  Drone x3  
  195  13:46  Lurker x4  
  190  13:53  Zergling x22  
  190  13:55  Grooved Spines  
  200  14:01  Overlord  
  196  14:03  Overlord x3  
  172  14:20  Viper  
  172  14:21  Corruptor  
  172  14:22  Corruptor x7  
  182  14:27  Zergling x20  
  182  14:28  Zergling x14  
  186  14:39  Corruptor x4  
  186  14:41  Zerg Flyer Weapons Level 1  
  189  14:48  Overlord x2  
  189  14:49  Overseer x3  
  189  14:52  Drone x2, Spine Crawler  
  190  14:54  Spine Crawler  
  190  14:59  Hydralisk  
  188  15:10  Corruptor x6  
  199  15:25  Corruptor x3, Overseer  
  194  15:33  Corruptor x3  
  189  15:51  Viper x2  
  191  16:02  Drone x4  
  191  16:03  Drone x2  
  194  16:04  Hydralisk x2  
  194  16:05  Hydralisk  
  200  16:37  Zergling x4  
  200  16:44  Lurker x4  
  192  16:56  Zergling x24  
  195  17:04  Overlord  
  195  17:05  Zerg Flyer Weapons Level 2, Pathogen Glands  
  195  17:06  Spore Crawler x2  
  195  17:07  Spore Crawler  
  192  17:09  Spire  
  191  17:17  Spore Crawler  
  186  17:33  Ultralisk Cavern  
  184  17:42  Corruptor  
  184  17:43  Corruptor x12  
  194  18:02  Neural Parasite  
  194  18:03  Zergling x18  
  192  18:20  Zergling x16  
  175  18:30  Corruptor x7  
  160  18:49  Zergling x2  
  160  18:50  Zergling x20  
  163  18:56  Zergling x6  
  156  19:13  Zergling x14  
  155  19:20  Hydralisk x2  
  155  19:21  Hydralisk x2  
  162  19:27  Hatchery  
  153  19:31  Hydralisk x4  
  153  19:32  Hydralisk  
  153  19:37  Hydralisk x3  
  165  19:46  Hatchery, Unknown  
  163  19:55  Zergling x2  
  163  19:56  Zergling x14  
  157  20:09  Hydralisk x5  
  164  20:17  Viper x2  
  164  20:26  Corruptor x2  
  162  20:30  Lurker  
  162  20:31  Lurker x2  
  162  20:33  Lurker  
  166  20:47  Lurker x8  
  174  20:54  Overseer x2  
  171  21:02  Corruptor x2  
  167  21:14  Corruptor x2  
  168  21:32  Corruptor x3  
  167  21:35  Drone x4  
  167  21:39  Overlord  
  175  21:44  Drone  
  175  21:46  Drone x2  
  175  21:47  Drone  
  178  21:58  Corruptor x2  
  160  22:19  Extractor  
  160  22:20  Spine Crawler, Extractor  
  160  22:21  Spore Crawler  
  156  22:23  Spine Crawler  
  156  22:25  Hydralisk x7  
  169  22:30  Zergling x6  
  152  22:54  Overseer  
  152  22:55  Zergling x2  
  152  22:56  Zergling x32  
  139  23:13  Corruptor x2  
  126  23:50  Hatchery  
  126  23:52  Baneling x6  
  120  24:03  Zergling x2  
  120  24:04  Zergling x10  
  111  24:18  Hydralisk  
  111  24:19  Hydralisk x2  
  116  24:46  Corruptor x3  
  119  25:26  Overseer x2  
  109  25:32  Hatchery  
Show
View Real Time Build Order
Export as new Build Order

Gerald Protoss - Winner!

Build Orders: 1 Gate Expand, Double Forge, Oracle Opening, Carriers 

Get SALT Encoding   

  12  0:00  Probe  
  13  0:13  Probe  
  14  0:20  Pylon  
  14  0:25  Probe  
  15  0:38  Probe (Chrono Boost)  
  15  0:40  Gateway  
  16  0:48  Probe (Chrono Boost)  
  17  0:50  Assimilator  
  17  0:53  Probe (Chrono Boost)  
  18  1:04  Probe  
  19  1:16  Probe  
  20  1:27  Nexus  
  20  1:29  Probe  
  21  1:40  Cybernetics Core  
  21  1:42  Probe  
  22  1:52  Assimilator  
  22  1:54  Pylon  
  22  1:56  Probe  
  23  2:12  Probe  
  23  2:13  Adept (Chrono Boost)  
  26  2:24  Probe  
  26  2:25  Stargate  
  27  2:34  Adept (Chrono Boost)  
  27  2:36  Probe  
  29  2:38  Probe  
  30  2:48  Probe  
  30  2:49  Warp Gate  
  30  2:51  Probe  
  34  3:01  Probe  
  34  3:03  Probe  
  36  3:07  Oracle (Chrono Boost)  
  39  3:13  Probe  
  39  3:15  Probe  
  39  3:20  Stalker  
  39  3:24  Pylon  
  39  3:25  Probe  
  42  3:27  Probe  
  41  3:37  Probe  
  41  3:39  Probe  
  41  3:40  Gateway  
  43  3:48  Nexus  
  43  3:49  Probe  
  43  3:51  Probe  
  43  3:54  Oracle (Chrono Boost)  
  47  4:01  Probe  
  48  4:03  Probe  
  48  4:05  Assimilator  
  49  4:13  Probe  
  49  4:14  Pylon  
  49  4:15  Probe  
  51  4:18  Assimilator  
  51  4:21  Forge  
  51  4:22  Forge  
  51  4:25  Probe  
  51  4:27  Probe  
  53  4:31  Phoenix (Chrono Boost)  
  53  4:37  Probe  
  56  4:39  Probe, Stalker  
  56  4:43  Shield Battery  
  59  4:49  Twilight Council, Probe  
  59  4:52  Probe  
  61  4:57  Protoss Ground Weapons Level 1 (Chrono Boost)  
  61  5:04  Probe (Chrono Boost)  
  61  5:06  Probe x2 (Chrono Boost)  
  64  5:13  Probe (Chrono Boost)  
  67  5:15  Probe (Chrono Boost), Pylon  
  67  5:16  Probe (Chrono Boost)  
  67  5:17  Pylon  
  67  5:18  Probe (Chrono Boost), Stalker  
  67  5:19  Stalker  
  72  5:25  Probe (Chrono Boost)  
  72  5:26  Probe (Chrono Boost)  
  74  5:28  Protoss Ground Armor Level 1 (Chrono Boost)  
  74  5:30  Probe (Chrono Boost)  
  76  5:37  Probe x2 (Chrono Boost), Blink  
  76  5:39  Probe (Chrono Boost)  
  76  5:40  Pylon  
  78  5:46  Nexus  
  78  5:49  Probe  
  79  5:51  Probe  
  79  5:53  Gateway  
  79  5:56  Probe  
  81  5:58  Gateway  
  81  6:00  Gateway  
  81  6:01  Probe  
  82  6:05  Probe  
  82  6:09  Gateway  
  83  6:11  Gateway  
  83  6:15  Gateway  
  83  6:16  Assimilator  
  83  6:17  Probe  
  84  6:19  Probe, Assimilator  
  84  6:22  Probe  
  84  6:25  Templar Archives  
  86  6:29  Probe  
  86  6:31  Stalker x2  
  86  6:32  Probe  
  92  6:35  Probe  
  92  6:38  Shield Battery  
  93  6:40  Pylon  
  93  6:41  Probe  
  93  6:44  Probe  
  95  6:47  Probe  
  95  6:51  Stalker  
  95  6:53  Probe  
  99  6:56  Probe  
  99  6:57  Protoss Ground Weapons Level 2 (Chrono Boost)  
  99  6:59  Probe  
  101  7:01  Probe  
  101  7:02  Stalker x3  
  101  7:05  Probe  
  101  7:06  Assimilator  
  101  7:08  Probe, Assimilator  
  110  7:11  Probe  
  110  7:13  Probe  
  110  7:14  Psionic Storm  
  112  7:17  Protoss Ground Armor Level 2 (Chrono Boost), Probe  
  112  7:20  Probe  
  114  7:24  Probe, Stalker  
  114  7:25  Probe  
  114  7:29  Probe  
  117  7:31  Stalker x2  
  117  7:32  Probe  
  117  7:35  Pylon  
  117  7:36  Probe  
  123  7:38  Charge, Probe  
  123  7:41  Photon Cannon, Pylon  
  124  7:53  Nexus, Probe x4  
  124  7:54  Pylon  
  124  7:55  High Templar x2  
  132  8:00  Stalker x2, High Templar x2  
  132  8:02  Gateway  
  140  8:08  Photon Cannon, Gateway  
  140  8:09  Archon, Pylon  
  140  8:10  Archon, Pylon  
  140  8:18  Pylon  
  140  8:23  Pylon  
  140  8:25  Pylon, Fleet Beacon  
  140  8:26  Stargate  
  143  8:27  Probe x3, Pylon  
  143  8:28  Nexus  
  143  8:29  Stalker x3  
  143  8:31  Pylon  
  143  8:33  Probe  
  150  8:35  Pylon  
  150  8:40  Stalker x2  
  150  8:41  Stalker x2  
  158  8:44  Probe  
  158  8:45  Zealot  
  160  8:52  Probe  
  160  8:55  Probe  
  162  8:58  High Templar x4  
  162  8:59  Gateway  
  170  9:06  Zealot x5  
  170  9:07  Archon x2  
  180  9:10  Probe  
  180  9:13  Probe  
  180  9:15  Gateway  
  176  9:19  Probe  
  185  9:24  Mothership  
  185  9:25  Probe  
  185  9:26  Stalker x5  
  185  9:28  Probe  
  185  9:30  Protoss Ground Weapons Level 3 (Chrono Boost)  
  197  9:32  Protoss Ground Armor Level 3 (Chrono Boost)  
  193  9:40  Probe  
  192  9:46  Probe  
  192  9:47  Probe x2  
  192  9:48  Photon Cannon  
  192  9:52  Probe  
  196  9:54  Shield Battery, Photon Cannon  
  196  9:56  Shield Battery  
  196  9:58  Photon Cannon, Assimilator  
  196  10:01  Stalker x2, Pylon  
  200  10:11  Protoss Air Weapons Level 1 (Chrono Boost)  
  200  10:21  Photon Cannon, Assimilator  
  200  10:22  Shield Battery  
  186  10:43  Carrier (Chrono Boost)  
  196  10:52  Probe  
  196  10:54  Carrier (Chrono Boost)  
  165  11:21  Stalker x10  
  169  11:44  Carrier (Chrono Boost)  
  175  11:51  Probe  
  175  11:52  Protoss Shields Level 1 (Chrono Boost)  
  166  11:54  High Templar  
  166  11:55  Gateway, High Templar x3  
  166  11:58  Zealot x5  
  189  12:03  Carrier (Chrono Boost)  
  178  12:09  Photon Cannon  
  178  12:10  Photon Cannon  
  178  12:11  Probe  
  178  12:12  Photon Cannon  
  178  12:13  Shield Battery  
  178  12:14  Shield Battery  
  178  12:15  Probe  
  180  12:23  High Templar x3  
  180  12:24  Zealot, High Templar  
  180  12:29  Stalker  
  182  12:32  Carrier (Chrono Boost)  
  182  12:33  Stalker  
  182  12:36  Zealot  
  190  12:41  Zealot  
  190  12:42  Zealot  
  182  12:56  Probe x2  
  184  13:02  Gateway  
  184  13:03  Photon Cannon, Protoss Air Weapons Level 2 (Chrono Boost)  
  190  13:06  Shield Battery  
  190  13:07  Carrier (Chrono Boost)  
  190  13:19  Nexus  
  190  13:21  Pylon  
  190  13:30  Zealot x5  
  190  13:31  Pylon  
  200  13:47  Photon Cannon  
  196  13:48  Protoss Shields Level 2 (Chrono Boost), Photon Cannon  
  196  13:49  Zealot x4  
  196  13:50  Photon Cannon  
  196  13:51  Photon Cannon  
  196  13:54  Shield Battery  
  196  13:55  Shield Battery, Zealot x2  
  200  13:58  Photon Cannon  
  200  14:01  Shield Battery  
  196  14:03  Pylon  
  196  14:07  Zealot x3  
  196  14:15  Zealot x2  
  200  14:19  Photon Cannon  
  200  14:21  Photon Cannon  
  200  14:22  Shield Battery  
  200  14:23  Shield Battery  
  200  14:24  Zealot x4  
  192  14:30  Zealot x3  
  194  14:33  Photon Cannon  
  194  14:35  Shield Battery  
  194  14:37  Zealot x2  
  186  14:48  Photon Cannon  
  186  14:50  Photon Cannon  
  186  14:51  Shield Battery  
  186  14:52  Shield Battery  
  186  14:55  Carrier, Photon Cannon, Assimilator  
  186  14:56  Photon Cannon  
  186  14:58  Shield Battery  
  186  14:59  Assimilator  
  192  15:00  Shield Battery, Pylon  
  192  15:04  Gateway x2  
  192  15:09  Gateway  
  192  15:13  Carrier  
  196  15:24  Protoss Air Weapons Level 3 (Chrono Boost)  
  190  16:00  Protoss Shields Level 3 (Chrono Boost), Carrier  
  190  16:02  Nexus  
  192  16:05  Pylon  
  192  16:18  Carrier  
  198  16:30  Zealot  
  199  16:34  Nexus  
  199  16:35  Zealot  
  187  16:46  Zealot x2  
  188  16:52  Probe  
  188  16:53  Probe x2  
  187  16:55  Probe  
  187  17:00  Pylon  
  186  17:03  Assimilator  
  186  17:04  Carrier  
  186  17:07  Assimilator  
  192  17:11  Nexus, Pylon  
  192  17:13  Pylon  
  192  17:16  Mothership  
  196  17:24  Zealot  
  196  17:25  Zealot  
  196  17:27  Photon Cannon  
  196  17:28  Shield Battery, Photon Cannon  
  200  17:30  Photon Cannon  
  200  17:31  Shield Battery  
  200  17:32  Pylon  
  200  17:34  Zealot x2, Pylon x2  
  198  17:45  Zealot  
  198  17:51  Probe  
  198  17:52  Photon Cannon  
  198  17:53  Photon Cannon  
  198  17:55  Photon Cannon  
  198  17:57  Photon Cannon  
  199  17:59  Photon Cannon  
  173  18:29  Probe  
  148  18:35  Zealot  
  148  18:36  Zealot x10  
  148  18:38  Carrier x2  
  148  18:39  Protoss Air Armor Level 1 (Chrono Boost)  
  140  18:57  Zealot x12  
  161  19:04  Probe  
  124  19:18  Stalker  
  124  19:19  Stalker x7  
  134  19:37  Nexus  
  134  19:38  Pylon  
  134  19:39  Probe  
  134  19:40  Nexus  
  134  19:41  Pylon  
  134  19:42  Carrier x2  
  134  19:44  High Templar x12  
  171  19:46  Probe  
  171  19:50  Archon x5  
  171  19:58  Archon  
  171  20:27  High Templar x5  
  179  20:28  Zealot x4  
  179  20:29  Zealot x3  
  193  20:35  Unknown  
  193  20:40  Photon Cannon  
  193  20:41  Photon Cannon  
  193  20:42  Photon Cannon  
  193  20:43  Shield Battery  
  193  20:44  Shield Battery  
  193  20:46  Shield Battery  
  193  20:48  Shield Battery  
  193  20:50  Pylon  
  193  20:52  Protoss Air Armor Level 2 (Chrono Boost)  
  193  20:53  Pylon  
  193  20:57  Pylon  
  193  21:05  Nexus  
  193  21:06  Pylon  
  191  21:14  Zealot x2  
  191  21:15  Zealot x6  
  195  21:27  Carrier (Chrono Boost)  
  183  21:45  Photon Cannon x2  
  177  21:47  Photon Cannon  
  177  21:48  Oracle (Chrono Boost)  
  177  21:49  Photon Cannon  
  177  21:50  Robotics Facility  
  177  21:51  Shield Battery x2  
  177  21:52  Robotics Facility  
  154  22:18  Oracle  
  154  22:22  Stargate  
  157  22:24  Stargate  
  157  22:26  Assimilator  
  156  22:30  Assimilator  
  156  22:34  Pylon  
  156  22:42  Archon  
  152  23:04  Archon  
  146  23:23  Unknown  
  146  23:37  Stalker x6  
  146  23:38  Stalker x5  
  146  23:39  Carrier x2  
  146  23:40  Carrier x2  
  178  24:01  Probe  
  155  24:22  Zealot x10  
  155  24:23  Zealot x2  
  175  24:43  Carrier, High Templar x8  
  197  24:59  Zealot x2  
  177  25:00  Zealot x2  
  177  25:05  Observer  
  194  25:31  Zealot x3  
Tags
 
Add a new tag
Caveats
  • Supply blocks, unpowered buildings, or Contaminate may cause inaccurate times.
  • Supply counts are checked every 10 seconds.